 Dungeon Crawl Stone Soup version 0.17-a0-1554-g3b847ca (webtiles) character file.

96 urechis the Cudgeler (level 4, -1/49 HPs)
             Began as an Ogre Gladiator on July 19, 2015.
             Slain by Gorice's ghost (8 damage)
             ... on level 3 of the Dungeon.
             The game lasted 00:03:06 (1961 turns).

urechis the Cudgeler (Ogre Gladiator)               Turns: 1961, Time: 00:03:07

Health: -1/49      AC:  3    Str: 21    XL:     4   Next: 67%
Magic:  4/4        EV: 10    Int:  7    God:
Gold:   191        SH:  0    Dex: 10    Spells: 0 memorised, 3 levels left

rFire  . . .     SeeInvis .     a - +0 flail
rCold  . . .     Clarity  .     b - +0 robe
rNeg   . . .     SustAt   .     (no shield)
rPois  .         Gourm    .     c - +0 hat
rElec  .         Spirit   .     (no cloak)
rCorr  .         Warding  .     (gloves unavailable)
rMut   .         Stasis   .     (boots unavailable)
MR     .....                    (no amulet)
Stlth  +.........               (no ring)
                                (no ring)

@: not resistant to hostile enchantments, very unstealthy
A: unfitting armour, tough skin 1
a: no special abilities


You were on level 3 of the Dungeon.
You were not hungry.

You visited 1 branch of the dungeon, and saw 3 of its levels.

You collected 191 gold pieces.

Inventory:

Hand weapons
 a - a +0 flail (weapon)
Missiles
 e - 3 throwing nets (quivered)
 k - 8 tomahawks
Armour
 b - a +0 robe (worn)
 c - a +0 hat (worn)
Scrolls
 f - a scroll of immolation {unknown}
 i - 2 scrolls of random uselessness {unknown}
 j - a scroll of amnesia {unknown}
 l - a scroll of identify {unknown}
 m - a scroll of fog {unknown}
 o - a scroll of enchant weapon {unknown}
 r - a scroll of enchant armour {unknown}
 u - a scroll of recharging {unknown}
Potions
 n - a potion of agility {unknown}
 p - a potion of beneficial mutation {unknown}
 q - a potion of magic {unknown}
 s - a potion of curing {unknown}
 t - a potion of ambrosia {unknown}
Comestibles
 d - 4 bread rations
 g - 2 meat rations
 h - a royal jelly


   Skills:
 + Level 4.4 Fighting
 * Level 5.9 Maces & Flails
 - Level 2.1 Throwing
 - Level 2.6 Dodging


You had 3 spell levels left.
You didn't know any spells.

Dungeon Overview and Level Annotations

Branches:
Dungeon (3/15)

Altars:
Dithmenos

Annotations:
D:3 Gorice's ghost, average CeWn


Innate Abilities, Weirdness & Mutations

You are too large for most types of armour.
You have tough skin (AC +1).


Message History

r - Retreat! s - Stop attacking. w - Wait here. f - Follow me.
Anything else - Stay silent.
You shout for attention!
You hear a shout!
Gorice's ghost hits you but does no damage.
You barely miss Gorice's ghost. Gorice's ghost hits you!
A rat and a goblin come into view.
The goblin shouts!
You hit Gorice's ghost but do no damage.
Gorice's ghost closely misses you.
A goblin comes into view.
You hit Gorice's ghost but do no damage.
Gorice's ghost hits you!
The goblin moves out of view.
You barely miss Gorice's ghost. Gorice's ghost hits you!
You barely miss Gorice's ghost. Gorice's ghost hits you!
* * * LOW HITPOINT WARNING * * *
Gorice's ghost hits you!
* * * LOW HITPOINT WARNING * * *
Gorice's ghost hits you!
You die...

#.....# #.....#
####.....###############
...'.....'..............
####.....#######.######.
#.....# #.# ####### #.#
#.# ##@##### # #..W...#
# ##### #......# #
#...####### #..†.r.# #
#.........# #.....g# #
#.........#
#......g'g....
###.........#
#......##.....
......†.....# ##+###.#
.... ######......# #.#
.##


You could see Gorice's ghost, 2 goblins and a rat.

Vanquished Creatures
  2 adders (D:2)
  An ooze (D:1)
  A worm (D:2)
  2 giant geckos (D:1)
  5 orcs (D:3)
  6 giant cockroaches
  3 goblins
  12 hobgoblins
  8 jackals
  4 bats
  2 giant newts (D:2)
  6 kobolds
  2 quokkas (D:3)
  8 rats
62 creatures vanquished.

Notes
Turn   | Place    | Note
--------------------------------------------------------------
     0 | D:1      | urechis the Ogre Gladiator began the quest for the Orb.
     0 | D:1      | Reached XP level 1. HP: 22/22 MP: 1/1
    60 | D:1      | Reached XP level 2. HP: 28/31 MP: 2/2
   506 | D:1      | Reached XP level 3. HP: 39/39 MP: 3/3
   935 | D:2      | Reached skill level 5 in Maces & Flails
   983 | D:2      | Reached XP level 4. HP: 19/49 MP: 4/4
  1813 | D:3      | Found a shadowy altar of Dithmenos.
  1947 | D:3      | Noticed Gorice's ghost (average CeWn)
  1961 | D:3      | Slain by Gorice's ghost

Vault maps used:
D:1:      evilmike_arrival_crescent, minmay_misc_feat_nine_boxes
D:3:      first_bread, nicolae_dithmenos_through_a_glass_darkly

Action                   |  1- 3 |  4- 6 || total
-------------------------+-------+-------++-------
Melee: Flail             |    95 |    89 ||   184
 Stab: Sleeping          |     1 |       ||     1
  Eat: Chunk             |       |     2 ||     2
       Bread ration      |       |     1 ||     1
